 Dungeon Crawl Stone Soup version 0.20-a0-501-g0de2c2e (webtiles) character file.

115 Jmtri7 the Ducker (level 5, 0/42 HPs)
             Began as a Human Monk on Jan 20, 2017.
             Slain by an orc wizard
             ... wielding a +0 dagger
              (1 damage)
             ... on level 3 of the Dungeon.
             The game lasted 00:04:49 (2309 turns).

Jmtri7 the Ducker (Human Monk)                      Turns: 2309, Time: 00:04:49

Health: 0/42       AC:  3    Str: 11    XL:     5   Next: 20%
Magic:  5/5        EV: 13    Int: 11    God:
Gold:   167        SH:  0    Dex: 16    Spells: 4/4 levels left

rFire    + . .     SeeInvis .   i - +3 spear
rCold    . . .     Gourm    .   l - +0 leather armour
rNeg     . . .     Faith    .   (no shield)
rPois    .         Spirit   .   (no helmet)
rElec    .         Reflect  .   (no cloak)
rCorr    .         Harm     .   (no gloves)
MR       .....                  (no boots)
Stlth    ++........             (no amulet)
Regen    0.2/turn               (no ring)
                                b - ring of protection from fire

@: no status effects
A: no striking features
a: no special abilities


You were on level 3 of the Dungeon.
You were hungry.

You visited 1 branch of the dungeon, and saw 3 of its levels.

You collected 167 gold pieces.

Inventory:

Hand Weapons
 a - a +0 falchion
 i - a +3 spear (weapon)
Armour
 l - a +0 leather armour (worn)
Jewellery
 b - a ring of protection from fire (left hand)
 y - an uncursed amulet of guardian spirit {unknown}
Wands
 u - a wand of random effects (22/48)
 w - a wand of random effects (18/48)
Scrolls
 e - a scroll of identify {unknown}
 g - a scroll of amnesia {unknown}
 j - a scroll of immolation {unknown}
 k - 2 scrolls of remove curse {unknown}
 n - 2 scrolls of blinking {unknown}
 p - a scroll of teleportation {unknown}
 r - a scroll of enchant weapon {unknown}
Potions
 d - 7 potions of curing {unknown}
 f - a potion of mutation {unknown}
 m - a potion of brilliance {unknown}
 s - a potion of degeneration {unknown}
 t - a potion of haste {unknown}
 v - a potion of heal wounds {unknown}
 x - a potion of agility {unknown}
Comestibles
 c - 3 bread rations
 h - a slice of pizza
 o - a meat ration
 q - a beef jerky


   Skills:
 + Level 3.7 Fighting
 - Level 3.1 Long Blades
 * Level 2.8 Armour
 + Level 3.7 Dodging
 - Level 2.0 Stealth


You had 4 spell levels left.
You didn't know any spells.

Dungeon Overview and Level Annotations

Branches:
Dungeon (3/15)

Altars:
Fedhas

Annotations:
D:3 1 runed door


Message History

The orc hits you but does no damage. Something hits you but does no damage.
The orc closely misses you.
You hit something. The bat hits you.
* * * LOW HITPOINT WARNING * * *
Something hits you.
* * * LOW HITPOINT WARNING * * *
The orc barely misses you.
You hit something. Something hits you but does no damage.
The bat closely misses you. The orc hits you but does no damage.
Something hits you but does no damage.
You hit something but do no damage. The bat hits you but does no damage.
The orc completely misses you. Something hits you but does no damage.
You closely miss something. The bat hits you.
* * * LOW HITPOINT WARNING * * *
The bat completely misses you. The orc barely misses you. Something hits you.
* * * LOW HITPOINT WARNING * * *
You hit something. The bat misses you. The orc hits you with a short sword.
* * * LOW HITPOINT WARNING * * *
Something hits you.
You die...

...........>......##.####
..........#####..#...#
..........###......###
.....#.#......#.#.##
.....#.#..........#
.....#.#......#.########
..<..#.#........# #....#
.....#.........####....#
................@{o....#
....<.......b.#o###....#####
..................o........#
........#########..####....#
........# 8.8.. ?..#
........# ....... ..#
......(.# .......## .#
........# ........ #
.....#..# .......


You could see 2 orcs and a bat.

Vanquished Creatures
  Natasha (D:3)
  4 adders
  A dart slug (D:2)
  A leopard gecko (D:3)
  2 orcs (D:3)
  5 giant cockroaches
  3 goblins
  3 hobgoblins
  7 jackals (D:2)
  10 bats
  6 frilled lizards
  A kobold (D:1)
  6 rats
50 creatures vanquished.

Notes
Turn   | Place    | Note
-------+----------+-------------------------------------------
     0 | D:1      | Jmtri7 the Human Monk began the quest for the Orb.
     0 | D:1      | Reached XP level 1. HP: 18/18 MP: 1/1
   212 | D:1      | Reached XP level 2. HP: 18/24 MP: 2/2
   545 | D:1      | Reached skill level 1 in Armour
  1012 | D:2      | Reached XP level 3. HP: 29/29 MP: 3/3
  1274 | D:2      | Reached XP level 4. HP: 34/35 MP: 4/4
  1570 | D:2      | Found a blossoming altar of Fedhas.
  1848 | D:3      | Noticed Natasha
  1861 | D:3      | Killed Natasha
  1861 | D:3      | Reached XP level 5. HP: 26/41 MP: 5/5
  2188 | D:3      | Found a runed door.
  2309 | D:3      | HP: 1/42 [orc/short sword (6)]
  2309 | D:3      | Slain by an orc wizard

Vault maps used:
D:1:      scummos_arrival_simple_fountains, serial_bayou_pond_d,
          minmay_heptomino_d4
D:2:      fedhas_altar_2
D:3:      kennysheep_the_goblin_king, uniq_crazy_yiuf_cottage, uniq_natasha

Skill      XL: |  1  2  3 |
---------------+----------+-----
Armour         | 1 2 |  2.8
Fighting       | |  3.7
Long Blades    | |  3.1
Dodging        | |  3.7
Stealth        | |  2.0

Action                   |  1- 3 |  4- 6 || total
-------------------------+-------+-------++-------
Melee: Falchion          |    24 |       ||    24
       Spear             |    47 |    87 ||   134
 Stab: Sleeping          |     7 |     4 ||    11
  Eat: Chunk             |     1 |     3 ||     4
Armor: Robe              |    12 |     5 ||    17
       Leather armour    |       |    16 ||    16
Dodge: Dodged            |    51 |    84 ||   135
       Rpst.: Falchion   |     3 |       ||     3
